 Dungeon Crawl Stone Soup version 0.31.0-11-ge490571c62 (webtiles) character file.

Game seed: 12344945688307675089

7587 ezpacito the Slasher (level 10, 0/114 HPs)
             Began as a Demonspawn Berserker on Jan 31, 2024.
             Was an Elder of Trog.
             Slain by a centaur warrior (9 damage)
             ... on level 10 of the Dungeon.
             The game lasted 00:13:31 (9591 turns).

ezpacito the Slasher (Demonspawn Berserker)         Turns: 9591, Time: 00:13:31

Health: 0/114      AC:  9    Str: 23    XL:     10   Next: 97%
Magic:  0/10       EV: 14    Int:  9    God:    Trog [****..]
Gold:   342        SH:  0    Dex: 14    Spells: 9/9 levels left

rFire   . . .        w - +7 Throatcutter {drain, coup de grace}
rCold   . . .        (no shield)
rNeg    . . .        v - +2 steam dragon scales
rPois   .            (helmet restricted)
rElec   .            (no cloak)
rCorr   .            p - +0 pair of gloves
SInv    .            (no boots)
Will    +....        F - amulet of guardian spirit Stlth
                     r - ring of Ehumyirch {Wiz Will+ Str+4}
HPRegen 0.39/turn    (no ring)
MPRegen 0.12/turn

%: guardian spirit, wizardry (x1)
@: berserking (expiring), very quick
A: antennae 2, hooves 2, ignite blood 2, demonic magic 1
a: Renounce Religion, Berserk, Trog's Hand, Brothers in Arms


You were on level 10 of the Dungeon.
You worshipped Trog.
Trog was greatly pleased with you.
You visited 2 branches of the dungeon, and saw 11 of its levels.

You collected 554 gold pieces.
You spent 212 gold pieces at shops.

Inventory:

Hand Weapons
 g - a +4 trident of draining
 h - a +0 battleaxe
 u - a +1 short sword of flaming
 w - the +7 Throatcutter (weapon) {drain, coup de grace}
   (You found it on level 3 of the Dungeon)
 y - a -1 demon whip of venom
 A - a +1 sling of flaming
 G - a +2 war axe of venom
Missiles
 b - 7 curare-tipped darts
 c - 40 poisoned darts (quivered)
 d - 102 stones
 o - 3 throwing nets
 H - 3 boomerangs
 I - 2 atropa-tipped darts
Armour
 a - +0 acid dragon scales
 p - a +0 pair of gloves (worn)
 v - +2 steam dragon scales (worn)
 x - an orb of mayhem
 L - +0 ice dragon scales
 M - a +0 troll leather armour
Jewellery
 r - the ring of Ehumyirch (left hand) {Wiz Will+ Str+4}
   (You found it on level 5 of the Dungeon)

   [ring of wizardry]

   Wiz:       It improves your spell success rate.
   Str+4:     It affects your strength (+4).
   Will+:     It increases your willpower.
 F - an amulet of guardian spirit (around neck)
Talismans
 j - a beast talisman
 z - a beast talisman
 K - a serpent talisman
Wands
 n - a wand of paralysis (5)
 J - a wand of light (10)
 N - a wand of mindburst (10)
Scrolls
 e - 2 scrolls of blinking
 f - 3 scrolls of butterflies
 i - 4 scrolls of revelation
 l - a scroll of noise
 t - 4 scrolls of teleportation
 C - 2 scrolls of vulnerability
Potions
 k - 2 potions of berserk rage
 m - 3 potions of brilliance
 q - 2 potions of attraction
 s - 2 potions of heal wounds
 B - a potion of mutation {unknown}
 D - a potion of might {unknown}
 E - 4 potions of curing {unknown}


   Skills:
 * Level 6.1 Fighting
 * Level 7.5 Long Blades
 * Level 6.0 Axes
 * Level 3.6 Ranged Weapons
 * Level 5.8 Armour
 * Level 5.0 Dodging
 * Level 4.4 Stealth
 * Level 3.9 Unarmed Combat
 * Level 3.8 Evocations
 * Level 3.0 Shapeshifting


You had 9 spell levels left.
You didn't know any spells.
Your spell library contained the following spells:

 Spells                   Type           Power      Damage    Failure   Level
 Sandblast                Erth           0%         2d4       16%         1
 Blink                    Tloc           0%         N/A       24%         2
 Ensorcelled Hibernation  Hex/Ice        0%         N/A       24%         2
 Lesser Beckoning         Tloc           0%         N/A       24%         2
 Momentum Strike          Conj/Tloc      0%         3d8       24%         2
 Sublimation of Blood     Necr           0%         N/A       24%         2
 Fugue of the Fallen      Necr           0%         N/A       43%         3
 Passwall                 Erth           0%         N/A       43%         3
 Stone Arrow              Conj/Erth      0%         3d7       43%         3
 Anguish                  Hex/Necr       0%         N/A       82%         4
 Brom's Barrelling Bould  Conj/Erth      0%         2d3       82%         4
 Petrify                  Alch/Erth      0%         N/A       82%         4
 Irradiate                Conj/Alch      0%         3d11      98%         5


Dungeon Overview and Level Annotations

Branches:
Dungeon (10/15)            Temple (1/1) D:4
   Lair: D:8-11         Orc: D:9-12

Altars:
Ashenzari
Cheibriados
Dithmenos
Fedhas
Gozag
Hepliaklqana
Kikubaaqudgha
Nemelex Xobeh
Qazlal
Ru
Sif Muna
Trog
Vehumet
Wu Jian
Yredelemnul

Shops:
D:3 ?   D:5 *   D:6 :   D:7 *


Innate Abilities, Weirdness & Mutations

You have a pair of antennae on your head.
You have hoof-like feet.
Your demonic aura often causes spilled blood to erupt in flames.
Spells you cast may paralyse adjacent enemies.


Message History

The nine-headed hydra bites you but does no damage.
The nine-headed hydra completely misses you.
The nine-headed hydra barely misses you.
The nine-headed hydra bites you! The nine-headed hydra bites you.
The nine-headed hydra completely misses you.
The nine-headed hydra closely misses you.
The nine-headed hydra completely misses you.
The nine-headed hydra bites you.
A centaur warrior comes into view.
You barely miss the nine-headed hydra.
The nine-headed hydra is almost dead.
The orc warrior is engulfed in blazing flames.
The steam dragon is engulfed in blazing flames.
The howler monkey hoots and howls with incredible vigour!
The centaur warrior wields a +0 shortbow.
The centaur warrior shoots an arrow.
The arrow misses you.
You chop one of the nine-headed hydra's heads off!
The eight-headed hydra grows two more!
You slash the ten-headed hydra! You kick the ten-headed hydra.
You kill the ten-headed hydra!
Trog accepts your kill.
The orc warrior is engulfed in blazing flames.
The steam dragon is engulfed in blazing flames.
Your Dodging skill increases to level 5!
Your Shapeshifting skill increases to level 3!
You slice the orc warrior!!
You behead the orc warrior!
You feel the power of Trog in you as your rage grows.
You kill the orc warrior!
Trog accepts your kill.
The centaur warrior shoots an arrow.
The arrow hits you!
Your Axes skill increases to level 6!
Unknown command.
The centaur warrior shoots an arrow.
The arrow hits you!
* * * LOW HITPOINT WARNING * * *
You feel a strong urge to attack something.
The centaur warrior shoots an arrow.
The arrow hits you!!
* * * LOW HITPOINT WARNING * * *
The centaur warrior unwields a +0 shortbow.
The centaur warrior hits you!
You die...

♣♣♣♣♣♣ ....♣ ...♣
+#####+..♣
#.....#..♣ ♣
#..Z{.#..♣♣#♣...♣
#..54h#..@c......
♣
#.*3{D#..♣♣#♣...♣
♣. #55Q{{#°.♣ ♣
♣..+#####K..♣
♣...........♣
♣...........♣
♣♣♣♣♣♣.♣♣♣♣♣♣ ♣.♣
###.###


You could see a centaur warrior and a kobold demonologist.

Vanquished Creatures
  A hydra (D:10)
  Amaemon (D:8)
  Pikel (D:9)
  Joseph (D:8)
  An orange demon (D:8)
  Jeremiah (D:7)
  A troll (D:9)
  A vampire (D:10)
  3 yaks (D:9)
  A wyvern (D:10)
  A steam dragon (D:7)
  Menkaure (D:6)
  4 acid dragons
  2 black bears
  An ice beast (D:6)
  4 orc warriors
  A sky beast (D:7)
  6 centaurs
  2 ogres (D:6)
  A lemure (D:9)
  3 kobold brigands
  A phantom (D:4)
  A gnoll sergeant (D:6)
  4 bullfrogs
  3 scorpions
  4 wights
  2 howler monkeys
  7 hounds
  5 orc priests
  A bombardier beetle (D:5)
  A gnoll bouda (D:9)
  A sleepcap (D:6)
  Terence (D:3)
  An iguana (D:6)
  5 orc wizards
  6 adders
  18 gnolls
  2 shadow imps
  2 white imps
  2 ufetubi (D:6)
  A ribbon worm (D:3)
  2 dart slugs
  36 orcs
  2 bats
  8 endoplasms
  4 giant cockroaches
  7 hobgoblins
  4 jackals (D:1)
  21 kobolds
  3 quokkas
  10 ball pythons
  6 frilled lizards
  6 goblins
  2 rats (D:1)
217 creatures vanquished.

Notes
Turn   | Place    | Note
-------+----------+-------------------------------------------
     0 | D:1      | ezpacito the Demonspawn Berserker began the quest for the
                  | Orb.
     0 | D:1      | Reached XP level 1. HP: 18/18 MP: 1/1
   102 | D:1      | Discovered your monstrous ancestry.
   102 | D:1      | Gained mutation: You have large cloven feet. [demonic
                  | ancestry]
   102 | D:1      | Reached XP level 2. HP: 23/24 MP: 2/2
   517 | D:1      | Reached ** piety under Trog
   524 | D:1      | Gained mutation: Your demonic aura sometimes causes spilled
                  | blood to erupt in flames. [demonic ancestry]
   524 | D:1      | Reached XP level 3. HP: 22/29 MP: 3/3
  1016 | D:2      | Found a basalt altar of Yredelemnul.
  1213 | D:2      | Reached XP level 4. HP: 29/35 MP: 4/4
  1849 | D:3      | Reached skill level 1 in Stealth
  1849 | D:3      | Reached skill level 1 in Unarmed Combat
  2054 | D:3      | Noticed Terence
  2071 | D:3      | Gained mutation: Spells you cast may paralyse adjacent
                  | enemies. [demonic ancestry]
  2071 | D:3      | Reached XP level 5. HP: 30/41 MP: 5/5
  2073 | D:3      | Killed Terence
  2457 | D:3      | Found a faded altar of an unknown god.
  2751 | D:3      | Found the +7 Throatcutter {drain, coup de grace}
  2762 | D:3      | Gained mutation: Your demonic aura often causes spilled
                  | blood to erupt in flames. [demonic ancestry]
  2762 | D:3      | Reached XP level 6. HP: 48/48 MP: 6/6
  2814 | D:3      | Found Leonon's Magic Scroll Shop.
  2829 | D:3      | Bought a scroll of identify for 28 gold pieces
  2829 | D:3      | Bought a scroll of identify for 28 gold pieces
  2829 | D:3      | Bought a scroll of identify for 28 gold pieces
  2829 | D:3      | Bought a scroll of fear for 56 gold pieces
  3094 | D:4      | Reached *** piety under Trog
  3209 | D:4      | Found a staircase to the Ecumenical Temple.
  3240 | Temple   | Entered the Ecumenical Temple
  3530 | D:4      | Found a bloodstained altar of Trog.
  3535 | D:4      | Found a shimmering blue altar of Sif Muna.
  3739 | D:4      | Reached XP level 7. HP: 54/54 MP: 7/7
  3743 | D:4      | Reached skill level 1 in Long Blades
  4150 | D:5      | Entered Level 5 of the Dungeon
  4269 | D:5      | Reached skill level 1 in Evocations
  4401 | D:5      | Found Faptiruc's General Store.
  4407 | D:5      | Reached skill level 2 in Long Blades
  4407 | D:5      | Reached skill level 1 in Ranged Weapons
  4431 | D:5      | Bought a potion of attraction for 36 gold pieces
  4431 | D:5      | Bought a throwing net for 36 gold pieces
  4839 | D:5      | Identified the ring of Ehumyirch {Wiz Will+ Str+4}
  5224 | D:6      | Found a basalt altar of Yredelemnul.
  5336 | D:6      | Reached skill level 1 in Shapeshifting
  5336 | D:6      | Gained mutation: You have hoof-like feet. [demonic
                  | ancestry]
  5336 | D:6      | Reached XP level 8. HP: 60/60 MP: 8/8
  5382 | D:6      | Reached skill level 3 in Long Blades
  5541 | D:6      | Reached skill level 5 in Axes
  5660 | D:6      | Reached **** piety under Trog
  5853 | D:6      | Noticed Menkaure
  5859 | D:6      | Killed Menkaure
  5933 | D:6      | Reached skill level 4 in Long Blades
  6002 | D:6      | Found a broken altar of Ashenzari.
  6058 | D:6      | Found Ulik's Book Shop.
  6186 | D:7      | Found an ancient bone altar of Kikubaaqudgha.
  6354 | D:7      | Gained mutation: You have a pair of small antennae on your
                  | head. [demonic ancestry]
  6354 | D:7      | Reached XP level 9. HP: 62/66 MP: 7/9
  6452 | D:7      | Found Cept's Neck Hole.
  6731 | D:7      | Noticed Jeremiah
  6743 | D:7      | Killed Jeremiah
  6744 | D:7      | Reached skill level 5 in Armour
  7260 | D:8      | Noticed Amaemon
  7263 | D:8      | Noticed an orange demon
  7267 | D:8      | Killed Amaemon
  7268 | D:8      | Reached skill level 5 in Fighting
  7268 | D:8      | Reached skill level 5 in Long Blades
  7273 | D:8      | Killed an orange demon
  7686 | D:8      | Found a shadowy altar of Dithmenos.
  7699 | D:8      | Reached skill level 6 in Long Blades
  7821 | D:8      | Found an ornate altar of the Wu Jian Council.
  8009 | D:8      | Noticed Joseph
  8021 | D:8      | Killed Joseph
  8022 | D:8      | Gained mutation: You have a pair of antennae on your head.
                  | [demonic ancestry]
  8022 | D:8      | Reached XP level 10. HP: 40/74 MP: 6/10
  8471 | D:9      | Noticed Pikel
  8642 | D:9      | Killed Pikel
  8775 | D:9      | Reached skill level 7 in Long Blades
  9008 | D:9      | Reached ***** piety under Trog
  9382 | D:10     | Entered Level 10 of the Dungeon
  9571 | D:10     | Noticed a six-headed hydra
  9571 | D:10     | Noticed a tengu warrior
  9585 | D:10     | Noticed a centaur warrior
  9587 | D:10     | Killed a ten-headed hydra
  9588 | D:10     | Reached skill level 5 in Dodging
  9591 | D:10     | Slain by a centaur warrior

Illustrated notes

Levels and vault maps discovered:
D:1:      lightli_arrival_maybe_door_vault, layout_basic, minmay_octomino_c4
D:2:      layout_loops_ring, basic_altar, grunt_ministairs_9,
          nicolae_elevator_lobby_asterisk
D:3:      layout_basic, serial_shops, shop,
          dreamdust_ecumenical_altar_angels_and_demons,
          dilly_guarded_unrand_throatcut, uniq_terence
D:4:      layout_cave_pods, hellmonk_overflow_destroyed_library,
          minmay_temple_entry_antechambers
D:5:      layout_loops_corners, tso_oasis_becter, nicolae_stop_n_shop_1
D:6:      layout_basic, mainiacjoe_overflow_big_doors, serial_shops,
          kennysheep_mini, uniq_menkaure
D:7:      layout_loops_corners, mainiacjoe_overflow_alcove_2,
          grunt_decor_arrowhead, hangedman_abyss_or_decor_lesser_grid,
          nicolae_shop_sticking_my_neck_out, uniq_jeremiah
D:8:      layout_gridville, nicolae_dithmenos_the_darkroom,
          nzn_wu_jian_contemplation, minmay_misc_feat_room, uniq_joseph,
          uniq_amaemon
D:9:      layout_cave_pools, chequers_serial_rivers_large_b,
          minmay_starry_boxes, uniq_pikel
D:10:     nzn_winding_woodlands_cross [nzn_winding_woodlands_5x15_cabin,
          nzn_winding_woodlands_5x15_garden, nzn_winding_woodlands_5x15_jagged,
          nzn_winding_woodlands_5x15_default,
          nzn_winding_woodlands_15x15_killbox], layout_layer_cave,
          makhleb_altar_promises_db, mainiacjoe_overflow_catwalk,
          nicolae_overflow_hidden_temple, david_lair_shrubbed
Temple:   hellmonk_temple_beads

Skill      XL: |  1  2  3  4  5  6  7  8  9 10 |
---------------+-------------------------------+-----
Axes           | 3 4 5 6 |  6.0
Dodging        | 2 3 4 5 |  5.0
Armour         | 2 3 4 5 |  5.8
Stealth        | 1 2 3 4 |  4.4
Unarmed Combat | 1 2 3 |  3.9
Fighting       | 4 5 6 |  6.1
Long Blades    | 2 4 6 7 |  7.5
Evocations     | 1 2 3 |  3.8
Ranged Weapons | 1 2 3 |  3.6
Shapeshifting  | 1 2 3 |  3.0

Action                     |  1- 3 |  4- 6 |  7- 9 | 10-12 || total
---------------------------+-------+-------+-------+-------++-------
  Melee: Hand axe          |    87 |    91 |       |       ||   178
         Punch             |     1 |       |     4 |     2 ||     7
         Kick              |    12 |    29 |    43 |    15 ||    99
         Long sword        |       |    35 |   170 |    69 ||   274
 Invoke: Berserk           |     2 |     4 |     4 |     5 ||    15
  Evoke: Wand              |       |       |     2 |       ||     2
    Use: Scroll            |       |     8 |    12 |     3 ||    23
         Potion            |       |     2 |       |       ||     2
   Stab: Sleeping          |     1 |       |     2 |       ||     3
         Fleeing           |       |       |     1 |       ||     1
 Armour: Animal skin       |    39 |       |       |       ||    39
         Scale mail        |    21 |     6 |       |       ||    27
         Chain mail        |       |   111 |   132 |       ||   243
         Steam dragon scal |       |       |    57 |    93 ||   150
  Dodge: Dodged            |    66 |    65 |   140 |    77 ||   348
